 Dungeon Crawl Stone Soup version 0.19-a0-1697-g0595f0e (webtiles) character file.

201 MackTheKnife the Stinger (level 5, 0/31 HPs)
             Began as an Octopode Venom Mage on Sept 27, 2016.
             Slain by a centaur skeleton (6 damage)
             ... on level 4 of the Dungeon.
             The game lasted 00:06:22 (3283 turns).

MackTheKnife the Stinger (Octopode Venom Mage)      Turns: 3283, Time: 00:06:23

Health: 0/31       AC:  2    Str:  7    XL:     5   Next: 79%
Magic:  8/9        EV: 13    Int: 21    God:
Gold:   202        SH:  0    Dex: 13    Spells: 2 memorised, 6 levels left

rFire  . . .     SeeInvis .     k - +0 mace
rCold  . . .     Gourm    .     (no shield)
rNeg   . . .     Faith    .     (helmet restricted)
rPois  .         Spirit   .     (no amulet)
rElec  .         Dismiss  .     r - +3 ring of intelligence
rCorr  .         Reflect  .     (no ring)
MR     .....     Harm     .     (no ring)
Stlth  +++.......               (no ring)
                                (no ring)
                                (no ring)
                                (no ring)
                                (no ring)

@: no status effects
A: almost no armour, stealthy swim, amphibious, 8 rings, constrict 8, camouflage
1, gelatinous body 1
a: no special abilities


You were on level 4 of the Dungeon.
You were very hungry.

You visited 1 branch of the dungeon, and saw 4 of its levels.

You collected 202 gold pieces.

Inventory:

Hand Weapons
 k - a +0 mace (weapon)
   (You took it off a goblin on level 1 of the Dungeon)
Jewellery
 r - a +3 ring of intelligence (left tentacle)
   (You found it on level 3 of the Dungeon)
Wands
 t - a wand of flame (33/48)
   (You took it off Terence on level 3 of the Dungeon)
Scrolls
 e - 2 scrolls of blinking {unknown}
 f - 3 scrolls of identify
 h - 4 scrolls of teleportation {unknown}
 j - a scroll of noise {unknown}
 l - 2 scrolls of remove curse {unknown}
 n - a scroll of enchant armour {unknown}
 o - a scroll of magic mapping {unknown}
 p - a scroll of fear {unknown}
 q - a scroll of immolation {unknown}
 s - a scroll of recharging {unknown}
Potions
 c - a potion of curing
 g - 3 potions of brilliance
 i - 5 potions of flight
Books
 a - a Young Poisoner's Handbook
 u - a book of Changes
   (You found it on level 4 of the Dungeon)
Comestibles
 b - 3 bread rations {@e1}
 d - 6 fruits
 m - a royal jelly


   Skills:
 - Level 2.0 Dodging
 - Level 2.6 Stealth
 + Level 3.2 Spellcasting
 + Level 3.0 Conjurations
 - Level 1.1 Air Magic
 + Level 6.1 Poison Magic


You had 6 spell levels left.
You knew the following spells:

 Your Spells              Type           Power        Failure   Level  Hunger
x - Mephitic Cloud        Conj/Pois/Air  ###.....     12%         3    ###....
z - Sting                 Conj/Pois      ###.         1%          1    None


Dungeon Overview and Level Annotations

Branches:
Dungeon (4/15)
 Temple: D:4-7

Altars:
Okawaru
Xom

Annotations:
D:4 exclusion: skeleton


Innate Abilities, Weirdness & Mutations

You cannot wear most types of armour.
You are very stealthy in the water.
You are amphibious.
You can wear up to eight rings at the same time.
You can use your tentacles to constrict eight enemies at once.
Your skin changes colour to match your surroundings (Stealth+).
Your rubbery body absorbs attacks. (AC +1, EV +1)


Message History

You see here a scroll of identify.
An adder is nearby!
f - 3 scrolls of identify (gained 1)
You can't see any susceptible monsters within range! (Use Z to cast anyway.) Unknown command.
Aim: an adder (resting)
The sting hits the adder.
The adder is poisoned.
The adder hisses angrily.
You now have 8/9 mp.
Aim: an adder (heavily wounded, poisoned)
The sting hits the adder.
The adder looks even sicker.
You now have 7/9 mp.
The adder bites you.
You take 2 damage, and have 29/31 hp.
You hit the adder.
You kill the adder!
You see here 20 stones.
h - 4 scrolls labeled SIAMEI UVYOX (gained 1)
You see here 4 large rocks {!d}.
You now have 202 gold pieces (gained 14).
A water moccasin skeleton comes into view.
Health restored: 31; MP restored: 9 A water moccasin skeleton is nearby!
A water moccasin skeleton is nearby!
A water moccasin skeleton is nearby!
You can't see any susceptible monsters within range! (Use Z to cast anyway.) Unknown command.
Unknown command.
Unknown command.
You are feeling very hungry.
A worker ant and a skeleton come into view.
There are monsters nearby!
There are monsters nearby!
Put on which piece of jewellery? (? for menu, Esc to quit)
Okay, then.
Okay, then.
Wield which item (- for none, * to show all)? (? for menu, Esc to quit)
Okay, then.
Search for what [Enter for "ego", or ? for help]? ego Can't find anything matching that.
Unknown command.
There are monsters nearby! 2 jackals come into view.
The jackal barks!
The jackal closely misses you. That beam is likely to hit you.
Continue anyway?
The ball explodes into a vile cloud!
The stinking cloud engulfs the jackal.
The stinking cloud engulfs you!
You are engulfed in noxious fumes.
You choke on the stench!
You are confused.
The jackal is engulfed in noxious fumes.
The jackal appears confused.
The jackal is engulfed in noxious fumes.
The jackal appears confused.
You now have 6/9 mp.
Unknown command.
You are engulfed in noxious fumes.
The centaur skeleton hits you.
You take 3 damage, and have 28/31 hp.
Unknown command.
You are engulfed in noxious fumes.
You choke on the stench!
You are more confused.
The worker ant is engulfed in noxious fumes.
The worker ant appears confused.
The worker ant seems to be having trouble coordinating all six of its legs.
Unknown command.
You barely miss the jackal.
The worker ant misses the jackal.
The centaur skeleton hits you. x2
The worker ant seems to be having trouble coordinating all six of its legs.
You take 9 damage, and have 19/31 hp.
MASSIVE DAMAGE!!
You feel less confused. The centaur skeleton hits you.
You take 4 damage, and have 15/31 hp.
Unknown command.
The worker ant completely misses the jackal.
The centaur skeleton barely misses you.
Unknown command.
You hit the centaur skeleton. The centaur skeleton barely misses you.
The centaur skeleton hits you.
You take 2 damage, and have 14/31 hp.
You hit the centaur skeleton. You squeeze the centaur skeleton.
The centaur skeleton closely misses you.
The jackal barely misses you. The centaur skeleton misses you.
The jackal bites you.
You take 1 damage, and have 13/31 hp.
The centaur skeleton closely misses you.
You hit the centaur skeleton. The centaur skeleton hits you.
* * * LOW HITPOINT WARNING * * *
The centaur skeleton closely misses you.
You take 4 damage, and have 9/31 hp.
You hit the centaur skeleton.
The centaur skeleton closely misses you.
You hit the centaur skeleton. The centaur skeleton hits you.
* * * LOW HITPOINT WARNING * * *
The centaur skeleton barely misses you.
You take 3 damage, and have 7/31 hp.
You hit the centaur skeleton. The centaur skeleton hits you.
* * * LOW HITPOINT WARNING * * *
The centaur skeleton hits you.
You die...

≈...........h#######.
≈....................
..#####.#....######..
#....# #.#..##### #....+
..#......+ #....#
####...#### #....#
#h..#.# #....# #Z###.#
#....# #@# #.# ####....#
#.# #.. # #....# #.# ##.
# #....# #####.# ##.## #
+....# #.....#.....# #
#....# #.##......... #
#....# #.##.#.......
#.#...(#####.##.#...%##?
.......##.....#.#.......


You could see a jackal and a centaur skeleton.

Vanquished Creatures
  An orc wizard (D:3)
  Ijyb (D:3)
  Terence (D:3)
  A gnoll (D:1)
  5 adders
  A shadow imp (D:3)
  2 worms (D:2)
  2 dart slugs
  2 orcs (D:3)
  6 hobgoblins
  3 jackals (D:3)
  6 bats
  4 frilled lizards
  8 goblins
  10 kobolds
  6 rats
59 creatures vanquished.

Notes
Turn   | Place    | Note
-------+----------+-------------------------------------------
     0 | D:1      | MackTheKnife the Octopode Venom Mage began the quest for the Orb.
     0 | D:1      | Reached XP level 1. HP: 11/11 MP: 3/3
   220 | D:1      | Reached skill level 1 in Conjurations
   234 | D:1      | Reached XP level 2. HP: 17/17 MP: 3/5
   238 | D:1      | Reached skill level 5 in Poison Magic
   353 | D:1      | Found an iron altar of Okawaru.
   572 | D:1      | Reached XP level 3. HP: 21/21 MP: 6/6
   577 | D:1      | Learned a level 3 spell: Mephitic Cloud
  1480 | D:2      | Reached skill level 1 in Air Magic
  1622 | D:2      | Reached XP level 4. HP: 25/27 MP: 4/7
  1677 | D:2      | Reached skill level 2 in Conjurations
  2007 | D:2      | Found a shimmering altar of Xom.
  2324 | D:3      | Reached XP level 5. HP: 31/31 MP: 6/9
  2476 | D:3      | Noticed Terence
  2484 | D:3      | Killed Terence
  2484 | D:3      | Reached skill level 3 in Spellcasting
  2703 | D:3      | Noticed Ijyb
  2713 | D:3      | Killed Ijyb
  2967 | D:3      | Reached skill level 3 in Conjurations
  3013 | D:3      | Reached skill level 6 in Poison Magic
  3282 | D:4      | HP: 7/31 [centaur skeleton (3)]
  3283 | D:4      | Slain by a centaur skeleton

Vault maps used:
D:1:      zaba_arrival_water, minmay_misc_feat_five, okawaru_ov_weapons_minmay
D:2:      lemuel_coloured_pillars_altar, kennysheep_generic_room_12
D:3:      first_bread, minmay_misc_feat_x, kennysheep_generic_room_9, uniq_iyjb,
          uniq_terence
D:4:      zin_purify, lightli_temple_of_fire

Skill      XL: |  1  2  3  4  5 |
---------------+----------------+-----
Conjurations   | 1 2 3 |  3.0
Poison Magic   | 5 6 |  6.1
Air Magic      | 1 |  1.1
Spellcasting   | 3 |  3.2
Dodging        | |  2.0
Stealth        | |  2.6

Action                   |  1- 3 |  4- 6 || total
-------------------------+-------+-------++-------
Melee: Short sword       |    22 |       ||    22
       Constrict         |    11 |    16 ||    27
       Tentacles         |     8 |     7 ||    15
       Mace              |    14 |    56 ||    70
 Cast: Sting             |    36 |    24 ||    60
       Mephitic Cloud    |       |     6 ||     6
  Use: Scroll            |       |     3 ||     3
 Stab: Sleeping          |     6 |     2 ||     8
       Confused          |       |     1 ||     1
  Eat: Chunk             |     2 |     5 ||     7
Armor: Skin              |     6 |     3 ||     9
Dodge: Dodged            |    34 |    41 ||    75

Vault maps used:
D:1:      zaba_arrival_water, minmay_misc_feat_five, okawaru_ov_weapons_minmay
D:2:      lemuel_coloured_pillars_altar, kennysheep_generic_room_12
D:3:      first_bread, minmay_misc_feat_x, kennysheep_generic_room_9, uniq_iyjb,
          uniq_terence
D:4:      zin_purify, lightli_temple_of_fire

Table legend:
 A = Turns spent in this place as a percentage of turns spent in the entire game.
 B = Non-inter-level travel turns spent in this place as a percentage of non-inter-level travel turns spent in the entire game.
 C = Inter-level travel turns spent in this place as a percentage of turns spent in this place.
 D = Turns resting spent in this place as a percentage of non-inter-level travel turns spent in this place.
 E = Turns spent auto-exploring this place as a percentage of non-inter-level travel turns spent in this place.
 F = Non-inter-level travel turns spent in this place divided by the number of levels of this place that you've seen.
                   A       B       C       D       E      F
               +-------+-------+-------+-------+-------+----------------------
         Total | 100.0 | 100.0 |   0.6 |   3.7 |  10.9 | 195.0
       Dungeon | 100.0 | 100.0 |   0.6 |   3.7 |  10.9 | 195.0
               +-------+-------+-------+-------+-------+----------------------

Table legend:
 A = Kills in this place as a percentage of kills in entire the game.
 B = Kills by you in this place as a percentage of kills by you in the entire game.
 C = Kills by friends in this place as a percentage of kills by friends in the entire game.
 D = Other kills in this place as a percentage of other kills in the entire game.
 E = Experience gained in this place as a percentage of experience gained in the entire game.
 F = Experience gained in this place divided by the number of levels of this place that you have seen.
                   A       B       C       D       E      F
               +-------+-------+-------+-------+-------+----------------------
         Total | 100.0 | 100.0 |  -nan | 100.0 | 100.0 |  72.0
       Dungeon | 100.0 | 100.0 |  -nan | 100.0 | 100.0 |  72.0
               +-------+-------+-------+-------+-------+----------------------
